 Dungeon Crawl Stone Soup version 0.31-a0-358-gac0dbeb3ab (webtiles) character file.

Game seed: 14773624842937035570

1108 Grim the Cleaver (level 8, -2/64 HPs)
             Began as a Minotaur Berserker on July 25, 2023.
             Was a Priest of Trog.
             Slain by an iguana (8 damage)
             ... on level 5 of the Dungeon.
             The game lasted 00:08:08 (5412 turns).

Grim the Cleaver (Minotaur Berserker)               Turns: 5412, Time: 00:08:08

Health: -2/64      AC:  9    Str: 22    XL:     8   Next: 11%
Magic:  7/7        EV: 10    Int:  6    God:    Trog [***...]
Gold:   218        SH:  0    Dex: 10    Spells: 7/7 levels left

rFire   + . .        a - +0 hand axe
rCold   . . .        (no shield)
rNeg    . . .        x - +1 scale mail {rF+}
rPois   .            (helmet restricted)
rElec   .            q - +0 cloak
rCorr   .            (no gloves)
SInv    .            f - +0 pair of boots
Will    ++...        p - amulet of faith Stlth
                     (no ring)
HPRegen 1.30/turn    (no ring)
MPRegen 0.10/turn

%: faith
@: strong-willed, on berserk cooldown, regenerating, slowed, very slow
A: horns 2, retaliatory headbutt
a: Renounce Religion, Berserk, Trog's Hand


You were on level 5 of the Dungeon.
You worshipped Trog.
Trog was most pleased with you.
You visited 1 branch of the dungeon, and saw 6 of its levels.

You collected 218 gold pieces.

Inventory:

Hand Weapons
 a - a +0 hand axe (weapon)
 b - a +0 orcbow
Armour
 f - a +0 pair of boots (worn)
 q - a +0 cloak (worn)
 x - a +1 scale mail of fire resistance (worn)
Jewellery
 j - a ring of flight
 o - a ring of ice
 p - an amulet of faith (around neck)
 r - an amulet of the acrobat
 s - a ring of ice
Wands
 u - a wand of mindburst (13)
Scrolls
 c - a scroll of enchant weapon {unknown}
 g - 2 scrolls of poison {unknown}
 i - 2 scrolls of immolation {unknown}
 k - 4 scrolls of brand weapon {unknown}
 m - 2 scrolls of identify {unknown}
 n - a scroll of enchant armour {unknown}
 v - a scroll of amnesia {unknown}
 w - 3 scrolls of teleportation {unknown}
Potions
 d - 2 potions of curing {unknown}
 e - a potion of haste {unknown}
 h - 2 potions of brilliance {unknown}
 l - 3 potions of mutation {unknown}


   Skills:
 - Level 3.6 Fighting
 * Level 10.5 Axes
 + Level 4.6 Ranged Weapons
 - Level 2.4 Armour
 - Level 2.1 Dodging
 - Level 1.5 Unarmed Combat


You had 7 spell levels left.
You didn't know any spells.
Your spell library was empty.

Dungeon Overview and Level Annotations

Branches:
Dungeon (6/15)
 Temple: D:4-7

Altars:
Yredelemnul

Annotations:
D:6 Grinder


Innate Abilities, Weirdness & Mutations

You have a pair of horns on your head.
You reflexively headbutt those who attack you in melee.


Message History

* * * LOW HITPOINT WARNING * * *
The gnoll sergeant hits you from afar with a +0 spear.
* * * LOW HITPOINT WARNING * * *
You are too injured to fight recklessly!
Unknown command.
The gnoll hits you from afar with a +0 spear.
* * * LOW HITPOINT WARNING * * *
The gnoll sergeant hits you from afar with a +0 spear!
* * * LOW HITPOINT WARNING * * *
The gnoll hits you but does no damage. Grinder hits you.
* * * LOW HITPOINT WARNING * * *
Things that are here:
a +0 vampiric whip; a gnoll corpse The gnoll sergeant hits you from afar with a +0 spear.
* * * LOW HITPOINT WARNING * * *
The iguana attacks as you move away! The iguana bites you!
* * * LOW HITPOINT WARNING * * *
The iguana bites you.
* * * LOW HITPOINT WARNING * * *
The iguana bites you but does no damage.
There is a stone staircase leading up here.
The iguana barely misses you.
The gnoll hits you from afar with a +0 spear.
* * * LOW HITPOINT WARNING * * *
Grinder blinks!
The iguana closely misses you.
You climb upwards.
You feel the effects of Trog's Hand fading.
There is a stone staircase leading down here.
You hit the iguana but do no damage. You headbutt the iguana.
The iguana is moderately wounded.
The iguana bites you!
* * * LOW HITPOINT WARNING * * *
Unknown command.
Your skin crawls.
You feel strong-willed. The iguana barely misses you. You furiously retaliate!
You headbutt the iguana. You hit the iguana but do no damage.
You headbutt the iguana.
The iguana is almost dead.
The iguana bites you!
You die...

####### #### ##......
#####..####### ##.......
##.#......##..###........
##.............##.........
#...........#.###.........
#...........#.###.........
##........@.##.##..........
#........l.###.##........<.
#.........###..##..........
##.......###
#..##...<...... #......###
##..###......... ##..#####
##...####........ #..##
#.....# ###...### #..#
##.....# ##### ##.##
##......##


You could see an iguana.

Vanquished Creatures
  Eustachio (D:5)
  Edmund (D:5)
  An ice beast (D:4)
  A phantom (D:4)
  A bullfrog (D:5)
  2 scorpions (D:5)
  A jelly (D:4)
  3 hounds
  2 orc priests (D:5)
  A gnoll bouda (D:6)
  A sleepcap (D:6)
  3 iguanas (D:5)
  6 gnolls
  4 adders
  2 ufetubi
  A worm (D:3)
  4 dart slugs
  8 orcs
  4 endoplasms
  3 giant cockroaches
  3 goblins
  9 hobgoblins
  4 quokkas
  6 ball pythons
  5 bats
  7 frilled lizards
  10 kobolds
  5 rats
99 creatures vanquished.

Notes
Turn   | Place    | Note
-------+----------+-------------------------------------------
     0 | D:1      | Grim the Minotaur Berserker began the quest for the Orb.
     0 | D:1      | Reached XP level 1. HP: 19/19 MP: 0/0
    20 | D:1      | Reached skill level 4 in Axes
   247 | D:1      | Reached XP level 2. HP: 24/26 MP: 1/1
   485 | D:1      | Reached skill level 5 in Axes
   681 | D:1      | Reached XP level 3. HP: 22/31 MP: 2/2
   993 | D:2      | Found a basalt altar of Yredelemnul.
  1044 | D:2      | Reached ** piety under Trog
  2171 | D:3      | Reached XP level 4. HP: 39/39 MP: 3/3
  2183 | D:3      | Reached skill level 6 in Axes
  2315 | D:3      | Found a faded altar of an unknown god.
  2682 | D:3      | Reached *** piety under Trog
  3117 | D:4      | Noticed an ice beast
  3129 | D:4      | Killed an ice beast
  3130 | D:4      | Reached skill level 7 in Axes
  3130 | D:4      | Reached skill level 1 in Unarmed Combat
  3130 | D:4      | Reached XP level 5. HP: 37/45 MP: 4/4
  3234 | D:4      | Noticed a phantom
  3248 | D:4      | Killed a phantom
  3249 | D:4      | Reached skill level 1 in Ranged Weapons
  3249 | D:4      | Reached XP level 6. HP: 27/51 MP: 5/5
  3607 | D:4      | Reached skill level 8 in Axes
  3936 | D:5      | Entered Level 5 of the Dungeon
  4422 | D:5      | Noticed Edmund
  4437 | D:5      | Killed Edmund
  4438 | D:5      | Reached skill level 9 in Axes
  4438 | D:5      | Reached XP level 7. HP: 14/57 MP: 6/6
  4718 | D:5      | Noticed Eustachio
  4750 | D:5      | Killed Eustachio
  4855 | D:5      | Reached skill level 10 in Axes
  5201 | D:5      | Reached XP level 8. HP: 64/64 MP: 7/7
  5389 | D:6      | Noticed Grinder
  5410 | D:5      | HP: 3/64 [iguana (11)]
  5412 | D:5      | Slain by an iguana

Illustrated notes

Levels and vault maps discovered:
D:1:      erik_arrival_orb_chamber, layout_loops_ring, minmay_pentomino_z2
D:2:      layout_basic, basic_altar, hangedman_decor_points
D:3:      layout_basic, dreamdust_ecumenical_altar_grove, hex_intersection,
          kennysheep_generic_room_10
D:4:      layout_basic, minmay_hedge_maze
D:5:      layout_cave_pods, uniq_eustachio, uniq_edmund
D:6:      layout_cave_pools, fedhas_altar_3, serial_shops, shop_statue,
          serial_demonic, serial_demonic_d, serial_demonic_d, serial_demonic_g,
          serial_demonic_b, minmay_manual_moon, uniq_menkaure, uniq_grinder,
          uniq_crazy_yiuf_cottage, uniq_pikel, uniq_maggie

Skill      XL: |  1  2  3  4  5  6  7 |
---------------+----------------------+-----
Axes           | 4 5 7 9 10 | 10.5
Unarmed Combat | 1 |  1.5
Ranged Weapons | 1 2 4 |  4.6
Fighting       | |  3.6
Armour         | |  2.4
Dodging        | |  2.1

Action                     |  1- 3 |  4- 6 |  7- 9 || total
---------------------------+-------+-------+-------++-------
  Melee: Hand axe          |    80 |    93 |    59 ||   232
         Headbutt          |    10 |    16 |    11 ||    37
         Punch             |     1 |       |       ||     1
   Fire: Sling             |    35 |    54 |       ||    89
         Orcbow            |       |       |    32 ||    32
 Invoke: Berserk           |       |     2 |     1 ||     3
         Trog's Hand       |       |       |     2 ||     2
 Armour: Leather armour    |    22 |    27 |       ||    49
         Scale mail        |       |       |    30 ||    30
  Dodge: Dodged            |    59 |    39 |    45 ||   143

Table legend: (Time is in decaauts)
 A = Elapsed time spent in this place.
 B = Non-inter-level travel time spent in this place.
 C = Inter-level travel time spent in this place.
 D = Time resting spent in this place.
 E = Time spent auto-exploring this place.
 F = Levels seen in this place.
 G = Mean time per level.
                   A        B        C        D        E       F      G
               +--------+--------+--------+--------+--------+-----+--------+
         Total |   5426 |   5267 |    159 |    917 |   3626 |   6 |  904.3 |
       Dungeon |   5426 |   5267 |    159 |    917 |   3626 |   6 |  904.3 |
               +--------+--------+--------+--------+--------+-----+--------+

Top non-repeatable levels by time:
     D:5: 1431 daAuts
     D:2: 1307 daAuts
     D:4: 936 daAuts
     D:1: 854 daAuts
     D:3: 848 daAuts
     D:6: 48 daAuts
